 Dungeon Crawl Stone Soup version 0.27-a0-1500-g450c7e4133 (webtiles) character file.

Game seed: 10063721348650171872

99 Sobieck the Magician (level 5, -5/35 HPs)
             Began as a Djinni Fire Elementalist on July 7, 2021.
             Killed from afar by Ijyb (15 damage)
             ... with a bolt of acid
             ... on level 3 of the Dungeon.
             The game lasted 00:04:35 (2175 turns).

Sobieck the Magician (Djinni Fire Elementalist)     Turns: 2175, Time: 00:04:36

Health: -5/35      AC:  2    Str:  7    XL:     5   Next: 2%
Gold:   53         EV: 12    Int: 18    God:
                   SH:  0    Dex: 13

rFire    + + .     SeeInvis .   c - +0 dagger {short}
rCold    x . .     Faith    .   (no shield)
rNeg     . . .     Spirit   .   a - +0 robe
rPois    ∞         Reflect  .   (no helmet)
rElec    .         Harm     .   (no cloak)
rCorr    .         Rampage  .   (no gloves)
Will     .....                  (boots unavailable)
Stlth    ++........             (no amulet)
HPRegen  0.11/turn              (no ring)
MPRegen  0.00/turn              (no ring)

@: flying
A: sickness immunity, fire resistance 2, cold vulnerability 1, float, innate
caster, hp casting, extra vitality 1
a: no special abilities


You were on level 3 of the Dungeon.
You visited 1 branch of the dungeon, and saw 4 of its levels.

You collected 53 gold pieces.


Innate Abilities, Weirdness & Mutations

You are immune to sickness and miasma.
You are immune to poison.
Your flesh is very heat resistant. (rF++)
You are vulnerable to cold. (rC-)
You float through the air rather than walking.
You learn spells naturally, not from books.
Your magical power is your life essence.
You have superior vitality. (+4 HP)


   Skills:
 - Level 2.1 Dodging
 - Level 1.5 Stealth
 + Level 4.1 Spellcasting


You couldn't memorise any spells.
You knew the following spells:

 Your Spells              Type           Power      Damage    Failure   Level
a - Foxfire               Conj/Fire      72%        2x1d7     2%          1
b - Conjure Flame         Conj/Fire      18%        6-21      8%          3
c - Inner Flame           Hex/Fire       18%        N/A       8%          3
d - Sticky Flame          Conj/Fire      18%        2d4       26%         4
e - Fireball              Conj/Fire      9%         3d6       58%         5
f - Summon Small Mammal   Summ           72%        N/A       2%          1
g - Passwall              Tmut/Erth      15%        N/A       4%          2
Your spell library was empty.

Inventory:

Hand Weapons
 c - a +0 dagger (weapon) {short}
   (You took it off a kobold on level 1 of the Dungeon)
Missiles
 l - 19 arrows
 p - 9 sling bullets
 s - 17 stones {throwing}
Armour
 a - a +0 robe (worn)
Wands
 r - a wand of flame (17)
   (You found it on level 2 of the Dungeon)
Scrolls
 b - a scroll of fog {unknown}
 h - a scroll of teleportation {unknown}
 m - a scroll of amnesia {unknown}
 o - a scroll of brand weapon {unknown}
 q - a scroll of holy word {unknown}
Potions
 d - a potion of magic {unknown}
 n - a potion of brilliance {unknown}

Dungeon Overview and Level Annotations

Branches:
Dungeon (4/15)
 Temple: D:4-7

Altars:

Annotations:
D:3 Ijyb, Robin

...>....##.# #... ##
........##.## #... .#
......g.##.. .... .#
.....#.....###.. +###### .#
#......##..?#.# ...#.###.#
#..g.#.#.# #.#....##
####.....##### #...##.#.
####..........# ##...#.#.
...........@....##....#.#.#.
...##........>..#.###.#...#.
#...........# ######'.
#...........# #.......
#).$........# #.......
#.........†.#####......#
...........[.........)..#
###.....?......†#.......#
##.....#.....##.......#


You could see Ijyb.


Message History

Confirm with . or Enter, or press ? or * to list all spells.
You conjure some foxfire!
The foxfire hits the giant cockroach.
The foxfire hits Terence but does no damage. 😮 HP[-1]
You take 1 damage, and now have 21/31 hp.
Casting: Foxfire (safe; 3% risk of failure)
Confirm with . or Enter, or press ? or * to list all spells.
You conjure some foxfire!
The foxfire hits Terence but does no damage.
The foxfire hits Terence. 😮 HP[-1]
You take 1 damage, and now have 20/31 hp.
Casting: Foxfire (safe; 3% risk of failure)
Confirm with . or Enter, or press ? or * to list all spells.
You miscast Foxfire.
You are very lightly contaminated with residual magic.
Nothing appears to happen.
The foxfire hits Terence.
You kill Terence!
The foxfire hits the giant cockroach.
You kill the giant cockroach!
Your Spellcasting skill increases to level 4! 😮 HP[-1]
You take 1 damage, and now have 19/31 hp.
Casting: Foxfire (safe; 2% risk of failure)
Confirm with . or Enter, or press ? or * to list all spells.
Okay, then.
Unknown command. 😮 HP[+1]
Your magical contamination has completely faded away.
You start resting.
A frilled lizard is nearby! 😕 HP[+5]
You regained 5 hp, and now have 25/31 hp.
You conjure some foxfire!
The frilled lizard hisses angrily.
You conjure some foxfire! 😕 HP[-1]
You take 1 damage, and now have 24/31 hp.
A frilled lizard is nearby!
The foxfire hits the frilled lizard!
You kill the frilled lizard!
You have reached level 5!
The power to cast Passwall wells up from within.
Spell assigned to 'g'. 😕 HP[+3]
You now have 35 max hp (+4).
You regained 3 hp, and now have 27/35 hp.
You start resting. 😎 HP[+8]
Your hp is fully restored (35).
Casting: Foxfire (safe; 2% risk of failure)
Confirm with . or Enter, or press ? or * to list all spells.
Okay, then.
Unknown command.
A rat comes into view.
You conjure some foxfire! 😕 HP[-1]
You take 1 damage, and now have 34/35 hp.
The foxfire hits the rat!
You kill the rat!
(D) Dungeon
Where to? (Enter - D:3, ? - help)
There is a stone staircase leading down here.
You fly downwards.
There is a stone staircase leading up here.
You fly upwards.
Level annotation: Robin
There is a stone staircase leading down here. 😎 HP[+1]
Your hp is fully restored (35).
d - a glowing grey potion Ijyb the Twisted Goblin comes into view.
She is wielding a +0 dagger and carrying a wand of acid (9).
A goblin comes into view. It is wielding a +0 dagger.
You conjure some foxfire! 😕 HP[-1]
You take 1 damage, and now have 34/35 hp.
You conjure some foxfire!
The foxfire hits the goblin. 😕 HP[-1]
You take 1 damage, and now have 33/35 hp.
You conjure some foxfire!
The foxfire hits the goblin. x2
You kill the goblin! 😕 HP[-1]
You take 1 damage, and now have 32/35 hp.
You start resting. 😎 HP[+3]
Your hp is fully restored (35).
Found a stone staircase leading down.
You conjure some foxfire!
The foxfire hits Ijyb.
Ijyb shouts!
The foxfire hits Ijyb but does no damage.
Ijyb zaps a wand.
The bolt of acid hits you!
You are splashed with acid!
* * * LOW HITPOINT WARNING * * *
😨 HP[-25]
You take 25 damage, and now have 10/35 hp.
MASSIVE DAMAGE!! (PAUSE) Ijyb zaps a wand.
The bolt of acid hits you!
You die...

Skill      XL: |  1  2  3  4 |
---------------+-------------+-----
Spellcasting   | 3 4 |  4.1
Dodging        | |  2.1
Stealth        | |  1.5

Action                   |  1- 3 |  4- 6 || total
-------------------------+-------+-------++-------
Melee: Unarmed           |     6 |       ||     6
 Cast: Foxfire           |    58 |    34 ||    92
       Conjure Flame     |     1 |       ||     1
 Stab: Sleeping          |     1 |       ||     1
Armor: Robe              |     6 |     3 ||     9
Dodge: Dodged            |    13 |     3 ||    16

Levels and vault maps discovered:
D:1:      wander_arrival_fairy_ring, layout_loops_ring
D:2:      layout_loops_cross, ebering_ecumenical_altar_abandoned,
          grunt_ministairs_7, lemuel_flame_loot_1
D:3:      layout_rooms, mainiacjoe_overflow_swirl, uniq_terence, uniq_ijyb,
          uniq_robin
D:4:      layout_cave_pods, lemuel_zombie_altar_kikubaaqudgha,
          minmay_temple_entry_enclosed_plants, roderic_lattice_a,
          minmay_hedge_maze, hangedman_decor_growths

Notes
Turn   | Place    | Note
-------+----------+-------------------------------------------
     0 | D:1      | Sobieck the Djinni Fire Elementalist began the quest for
                  | the Orb.
     0 | D:1      | Reached XP level 1. HP: 15/15 MP: 0/0
     0 | D:1      | magus.rc [v1.9.6]
   169 | D:1      | Reached XP level 2. HP: 17/21 MP: 0/0
   458 | D:1      | Reached skill level 3 in Spellcasting
   586 | D:1      | Reached XP level 3. HP: 11/25 MP: 0/0
   586 | D:1      | Learned a level 1 spell: Summon Small Mammal
  1687 | D:2      | Reached XP level 4. HP: 29/31 MP: 0/0
  1720 | D:3      | Noticed Terence
  1720 | D:3      | Noticed Robin
  1972 | D:3      | Killed Terence
  1973 | D:3      | Reached skill level 4 in Spellcasting
  2036 | D:3      | Reached XP level 5. HP: 27/35 MP: 0/0
  2036 | D:3      | Learned a level 2 spell: Passwall
  2130 | D:3      | Noticed Ijyb
  2175 | D:3      | Killed from afar by Ijyb

Vanquished Creatures
  Terence (D:3)
  2 adders
  2 dart slugs
  3 bats
  5 endoplasms
  2 giant cockroaches (D:3)
  2 hobgoblins
  4 jackals (D:1)
  4 quokkas
  5 ball pythons
  2 frilled lizards
  9 goblins
  3 kobolds
  2 rats
46 creatures vanquished.

Vanquished Creatures (others)
  154 foxfires
154 creatures vanquished.

Grand Total: 200 creatures vanquished

Table legend:
 A = Non-vault XP
 B = Vault XP
 C = Vault XP percentage of total XP
 D = Non-vault monster count
 E = Vault monster count
 F = Vault count percentage of total count
                 A         B        C        D         E       F
            +---------+---------+-------+---------+---------+-------
      Total |      99 |      43 |  30.3 |      42 |       4 |   8.7
            +---------+---------+-------+---------+---------+-------
        D:1 |      51 |       1 |   1.9 |      28 |       1 |   3.4
        D:2 |      23 |       4 |  14.8 |       6 |       2 |  25.0
        D:3 |      25 |      38 |  60.3 |       8 |       1 |  11.1
            +---------+---------+-------+---------+---------+-------

Illustrated notes

Table legend:
 A = Kills in this place as a percentage of kills in entire the game.
 B = Kills by you in this place as a percentage of kills by you in the entire game.
 C = Kills by friends in this place as a percentage of kills by friends in the entire game.
 D = Other kills in this place as a percentage of other kills in the entire game.
 E = Experience gained in this place as a percentage of experience gained in the entire game.
 F = Experience gained in this place divided by the number of levels of this place that you have seen.
                   A       B       C       D       E      F
               +-------+-------+-------+-------+-------+----------------------
         Total | 100.0 | 100.0 |   N/A |   N/A | 100.0 |  35.5
       Dungeon | 100.0 | 100.0 |   N/A |   N/A | 100.0 |  35.5
               +-------+-------+-------+-------+-------+----------------------

Table legend: (Time is in decaauts)
 A = Elapsed time spent in this place.
 B = Non-inter-level travel time spent in this place.
 C = Inter-level travel time spent in this place.
 D = Time resting spent in this place.
 E = Time spent auto-exploring this place.
 F = Levels seen in this place.
 G = Mean time per level.
                   A        B        C        D        E       F      G
               +--------+--------+--------+--------+--------+-----+--------+
         Total |   2177 |   2118 |     59 |    452 |   1362 |   4 |  544.2 |
       Dungeon |   2177 |   2118 |     59 |    452 |   1362 |   4 |  544.2 |
               +--------+--------+--------+--------+--------+-----+--------+

Top non-repeatable levels by time:
     D:1: 1472 daAuts
     D:2: 391 daAuts
     D:3: 311 daAuts
     D:4: 1 daAuts
